 Dungeon Sprint DCSS version 0.21.0-37-g46506fa (webtiles) character file.

13671 sanboga the Severer (level 12, -1/88 HPs)
             Began as a Gargoyle Berserker on Feb 1, 2018.
             Was the Champion of Trog.
             Slain by a sixfirhy (4 damage)
             ... summoned by an orc high priest
             ... in the Dungeon (Sprint IX: "|||||||||||||||||||||||||||||").
             The game lasted 00:06:34 (2857 turns).

sanboga the Severer (Gargoyle Berserker)            Turns: 2857, Time: 00:06:35

Health: -1/88      AC: 30    Str: 30    XL:     12   Next: 8%
Magic:  8/12       EV: 10    Int:  7    God:    Trog [******]
Gold:   1250       SH:  0    Dex: 12    Spells: 11/11 levels left

rFire    . . .     SeeInvis .   t - +3 executioner's axe (drain)
rCold    . . .     Gourm    .   (shield currently unavailable)
rNeg     + . .     Faith    .   o - +1 chain mail
rPois    ∞         Spirit   .   n - +0 helmet
rElec    +         Reflect  .   u - +0 cloak
rCorr    .         Harm     .   a - +0 pair of gloves
MR       .....     NoTele   +   v - +0 pair of boots
Stlth    ..........             (no amulet)
HPRegen  0.24/turn              p - +3 ring of dexterity
MPRegen  0.13/turn              q - +3 ring of strength

@: berserk cooldown, very slightly contaminated, slowed, invisible, very slow
A: negative energy resistance 1, electricity resistance, unbreathing,
petrification resistance, rot immunity, AC +8
a: Berserk, Trog's Hand, Brothers in Arms, Burn Spellbooks, Renounce Religion


You were in the Dungeon.
You worshipped Trog.
Trog was exalted by your worship.
You were hungry.

You visited 1 branch You collected 1250 gold pieces.

Inventory:

Hand Weapons
 m - a +7 antimagic battleaxe
 t - a +3 executioner's axe of draining (weapon)
Armour
 a - a +0 pair of gloves (worn)
 n - a +0 helmet (worn)
 o - a +1 chain mail (worn)
 u - a +0 cloak (worn)
 v - a +0 pair of boots (worn)
Jewellery
 p - a +3 ring of dexterity (left hand)
 q - a +3 ring of strength (right hand)
Wands
 l - a wand of acid (10)
Scrolls
 i - 3 scrolls of blinking
 k - 5 scrolls of remove curse
 r - 2 scrolls of enchant armour
 s - a scroll of fear
Potions
 b - a potion of might
 d - 6 potions of curing
 e - 2 potions of heal wounds
 f - 2 potions of haste
 g - 4 potions of magic
 h - 2 potions of berserk rage
Comestibles
 c - 11 rations


   Skills:
 + Level 16.0 Fighting
 * Level 18.4 Axes
 + Level 15.9 Armour
 - Level 1.5 Dodging


You had 11 spell levels left.
You didn't know any spells.

Dungeon Overview and Level Annotations

Branches:
Dungeon (1/1)

Altars:
Cheibriados
Dithmenos
Elyvilon
Fedhas
Gozag
Hepliaklqana
Kikubaaqudgha
Makhleb
Nemelex Xobeh
Okawaru
Qazlal
Ru
Sif Muna
Trog
Uskayaw
Vehumet
Wu Jian
Xom
Yredelemnul
Zin
The Shining One
Beogh
Jiyva
Lugonu

Shops:
D %[}


Innate Abilities, Weirdness & Mutations

You are resistant to torment.
Your stone body is resilient. (AC +8)
You are immune to poison.
You resist negative energy. (rN+)
You are resistant to electric shocks. (rElec)
You can survive without breathing.
You are immune to petrification.
You are immune to rotting.


Message History

You fade into invisibility!
The sixfirhy hits you.
* * * LOW HITPOINT WARNING * * *
The sixfirhy shocks you. You resist.
* * * LOW HITPOINT WARNING * * *
The sixfirhy closely misses you.
The orc high priest utters an invocation to Beogh.
You are very lightly contaminated with residual magic.
You hit the sixfirhy.
The sixfirhy is lightly wounded.
The neqoxec shouts!
The sixfirhy completely misses you.
You miss the sixfirhy.
The sixfirhy is lightly wounded.
The neqoxec shouts!
The sixfirhy hits you but does no damage.
The sixfirhy hits you!
* * * LOW HITPOINT WARNING * * *
The sixfirhy shocks you. You resist.
You die...

[((..(()'[....)|?.'______________
▓▓▓▓▓▓▓▓▓▓▓▓▓▓▓▓▓▓▓▓▓▓▓▓▓▓▓▓▓▓▓▓▓
.................................
▓▓▓▓▓▓▓▓▓▓▓▓▓▓▓▓▓▓▓▓▓▓▓▓▓▓▓▓▓▓▓▓▓
.[...'[[().....÷)÷'.........'.÷..
▓▓▓▓▓▓▓▓▓▓▓▓▓▓▓▓▓▓▓▓▓▓▓▓▓▓▓▓▓▓▓▓▓
.................................
▓▓▓▓▓▓▓▓▓▓▓▓▓▓▓▓▓▓▓▓▓▓▓▓▓▓▓▓▓▓▓▓▓
o33ooo3@)$)).....))÷[)))
▓▓▓▓▓▓▓▓▓▓▓▓▓▓▓▓▓▓▓▓▓▓▓▓


You could see a soul eater, 3 orc high priests, a sixfirhy, a neqoxec
(wandering) and an orc priest.

Vanquished Creatures
  An ettin (D)
  A hydra (D)
  A two-headed ogre (D)
  5 death yaks (D)
  4 orc high priests (D)
  An unseen horror (D)
  An orc knight (D)
  An ugly thing (D)
  A black mamba (D)
  An elephant (D)
  2 spiny frogs (D)
  A polar bear (D)
  A hippogriff (D)
  4 yaks (D)
  A basilisk (D)
  3 water moccasins (D)
  A porcupine (D)
  11 orc warriors (D)
  A black bear (D)
  A wolf (D)
  A centaur (D)
  A crocodile (D)
  5 bullfrogs (D)
  A scorpion (D)
  A hound (D)
  5 orc priests (D)
  An iguana (D)
  3 orc wizards (D)
  An adder zombie (D)
  8 orcs (D)
  A bat zombie (D)
  3 hobgoblins (D)
  A jackal (D)
  A quokka (D)
  A bat (D)
  A rat (D)
78 creatures vanquished.

Notes
Turn   | Place    | Note
-------+----------+-------------------------------------------
     0 | D        | sanboga the Gargoyle Berserker began the quest for the Orb.
     0 | D        | Reached XP level 1. HP: 14/14 MP: 1/1
     8 | D        | Reached skill level 3 in Axes
    11 | D        | Reached ** piety under Trog
    91 | D        | Noticed a scorpion
    91 | D        | Noticed an iguana
    96 | D        | Reached XP level 2. HP: 14/20 MP: 2/2
   102 | D        | Reached *** piety under Trog
   102 | D        | Reached skill level 4 in Axes
   102 | D        | Reached XP level 3. HP: 7/24 MP: 3/3
   109 | D        | Killed a scorpion
   109 | D        | Reached skill level 5 in Fighting
   109 | D        | Reached skill level 5 in Axes
   109 | D        | Reached XP level 4. HP: 6/31 MP: 4/4
   363 | D        | Found a roughly hewn altar of Beogh.
   363 | D        | Found a snail-covered altar of Cheibriados.
   363 | D        | Found a shadowy altar of Dithmenos.
   363 | D        | Found a white marble altar of Elyvilon.
   363 | D        | Found a blossoming altar of Fedhas.
   363 | D        | Found an opulent altar of Gozag.
   364 | D        | Found a hazy altar of Hepliaklqana.
   365 | D        | Found a viscous altar of Jiyva.
   366 | D        | Found an ancient bone altar of Kikubaaqudgha.
   367 | D        | Found a corrupted altar of Lugonu.
   368 | D        | Found a burning altar of Makhleb.
   369 | D        | Found a sparkling altar of Nemelex Xobeh.
   370 | D        | Found an iron altar of Okawaru.
   371 | D        | Found a stormy altar of Qazlal.
   372 | D        | Found a sacrificial altar of Ru.
   373 | D        | Found a deep blue altar of Sif Muna.
   374 | D        | Found a bloodstained altar of Trog.
   375 | D        | Found a hide-covered altar of Uskayaw.
   376 | D        | Found a radiant altar of Vehumet.
   377 | D        | Found an ornate altar of the Wu Jian Council.
   378 | D        | Found a shimmering altar of Xom.
   379 | D        | Found a basalt altar of Yredelemnul.
   380 | D        | Found a glowing silver altar of Zin.
   381 | D        | Found a glowing golden altar of the Shining One.
   446 | D        | Noticed a two-headed ogre
   446 | D        | Noticed an orc warrior
   446 | D        | Noticed a black bear
   449 | D        | Reached **** piety under Trog
   449 | D        | Reached skill level 6 in Axes
   449 | D        | Reached skill level 5 in Armour
   456 | D        | Killed a black bear
   456 | D        | Reached skill level 7 in Axes
   456 | D        | Reached XP level 5. HP: 38/38 MP: 5/5
   463 | D        | Killed a two-headed ogre
   463 | D        | Reached skill level 11 in Axes
   463 | D        | Reached XP level 6. HP: 25/48 MP: 6/6
   463 | D        | Reached XP level 7. HP: 27/52 MP: 7/7
   466 | D        | Reached skill level 10 in Fighting
   466 | D        | Reached XP level 8. HP: 30/57 MP: 8/8
   469 | D        | Reached ***** piety under Trog
   651 | D        | Noticed a hippogriff
   651 | D        | Noticed a white ugly thing
   663 | D        | Killed an unseen horror
   663 | D        | Reached skill level 12 in Axes
   663 | D        | Reached skill level 10 in Armour
   671 | D        | Killed a white ugly thing
   671 | D        | Reached skill level 13 in Axes
   671 | D        | Reached XP level 9. HP: 42/64 MP: 9/9
   960 | D        | Noticed a spiny frog
   960 | D        | Noticed a spiny frog
   971 | D        | Killed a spiny frog
   982 | D        | Reached ****** piety under Trog
   982 | D        | Reached skill level 14 in Axes
   985 | D        | Killed a spiny frog
   985 | D        | Received a gift from Trog
   998 | D        | Reached XP level 10. HP: 57/72 MP: 10/10
  1274 | D        | Noticed an elephant
  1274 | D        | Noticed a black mamba
  1274 | D        | Noticed a five-headed hydra
  1281 | D        | Killed an eight-headed hydra
  1281 | D        | Reached skill level 15 in Axes
  1288 | D        | Killed a black mamba
  1288 | D        | Received a gift from Trog
  1294 | D        | Killed an elephant
  1687 | D        | Noticed a death yak
  1687 | D        | Noticed a death yak
  1687 | D        | Noticed a death yak
  1688 | D        | Noticed a death yak
  1694 | D        | Killed a death yak
  1697 | D        | Killed a death yak
  1697 | D        | Reached skill level 16 in Axes
  1697 | D        | Reached XP level 11. HP: 80/80 MP: 11/11
  1698 | D        | Noticed a death yak
  1701 | D        | Killed a death yak
  1708 | D        | Killed a death yak
  1708 | D        | Received a gift from Trog
  1713 | D        | Killed a death yak
  1713 | D        | Reached skill level 17 in Axes
  2194 | D        | Received a gift from Trog
  2209 | D        | Noticed an ettin
  2220 | D        | Killed an ettin
  2220 | D        | Reached skill level 15 in Fighting
  2220 | D        | Reached skill level 15 in Armour
  2221 | D        | Received a gift from Trog
  2566 | D        | Noticed an orc knight
  2569 | D        | Received a gift from Trog
  2604 | D        | Killed an orc knight
  2816 | D        | Found Mohexzoq's Gadget Boutique.
  2816 | D        | Noticed an orc high priest
  2816 | D        | Noticed an orc high priest
  2816 | D        | Noticed an orc high priest
  2816 | D        | Noticed an orc high priest
  2819 | D        | Killed an orc high priest
  2819 | D        | Reached skill level 18 in Axes
  2820 | D        | Noticed a sun demon
  2829 | D        | Killed an orc high priest
  2829 | D        | Received a gift from Trog
  2834 | D        | Found Hus Ushrelua's Antique Armour Shop.
  2838 | D        | Killed an orc high priest
  2838 | D        | Reached XP level 12. HP: 81/88 MP: 6/12
  2839 | D        | Noticed an orc high priest
  2842 | D        | Noticed an orc high priest
  2842 | D        | Found Firarrixy's Food Boutique.
  2846 | D        | Noticed an orc high priest
  2847 | D        | Noticed a soul eater
  2847 | D        | Killed an orc high priest
  2857 | D        | HP: 3/88 [sixfirhy[an orc high priest] (7)]
  2857 | D        | Slain by a sixfirhy

Skill      XL: |  1  2  3  4  5  6  7  8  9 10 11 12 |
---------------+-------------------------------------+-----
Axes           | 3 4 5 7 11 13 14 16 18 | 18.4
Armour         | 3 4 6 9 11 12 14 15 | 15.9
Fighting       | 4 5 7 9 10 11 12 14 15 16 | 16.0
Dodging        | |  1.5

Action                   |  1- 3 |  4- 6 |  7- 9 | 10-12 || total
-------------------------+-------+-------+-------+-------++-------
Melee: Hand axe          |    31 |     2 |       |       ||    33
       War axe           |       |    15 |    64 |     3 ||    82
       Executioner's axe |       |       |       |    97 ||    97
       Battleaxe         |       |       |       |    94 ||    94
Invok: Berserk           |     1 |     1 |     2 |     5 ||     9
  Use: Potion            |       |       |       |     4 ||     4
  Eat: Chunk             |       |       |     2 |     8 ||    10
       Ration            |       |       |       |     1 ||     1
Armor: Animal skin       |     5 |       |       |       ||     5
       Chain mail        |       |     7 |    36 |   118 ||   161
Dodge: Dodged            |    14 |    13 |    17 |    70 ||   114
